 Dungeon Crawl Stone Soup version 0.29-a0-284-gf9362112df (webtiles) character file.

Game seed: 16317291503918134907

3172 sammy202020 the Skirmisher (level 9, -3/108 HPs)
             Began as a Demonspawn Berserker on Mar 30, 2022.
             Was a Priest of Trog.
             Collided with a rock wall (6 damage)
             ... caused by Erica
             ... on level 8 of the Dungeon.
             The game lasted 00:15:52 (8224 turns).

sammy202020 the Skirmisher (Demonspawn Berserker)   Turns: 8224, Time: 00:15:53

Health: -3/108     AC: 23    Str: 20    XL:     9   Next: 63%
Magic:  9/9        EV:  4    Int: 11    God:    Trog [***...]
Gold:   69         SH:  0    Dex: 12    Spells: 8/8 levels left

rFire   . . .      SeeInvis .   q - +1 war axe
rCold   . . .      Faith    .   (no shield)
rNeg    . . .      Spirit   .   A - +0 crystal plate armour
rPois   .          Reflect  .   p - +1 hat
rElec   .          Harm     .   H - scarf {repulsion}
rCorr   .          Rampage  .   i - +0 pair of gloves
Will    ++...                   (no boots)
Stlth   ..........              n - amulet of magic regeneration
HPRegen 1.28/turn               (no ring)
MPRegen 0.51/turn               (no ring)

@: berserking (expiring), strong-willed, regenerating, slowed, repel missiles
A: molten scales 2, demonic guardian 1, powered by pain 1, demonic touch 2
a: Renounce Religion, Berserk, Trog's Hand


You were on level 8 of the Dungeon.
You worshipped Trog.
Trog was most pleased with you.
You visited 1 branch of the dungeon, and saw 8 of its levels.

You collected 414 gold pieces.
You spent 345 gold pieces at shops.

Inventory:

Hand Weapons
 b - the +3 mace "Hegal" {venom, rC+ Will+++ Str-2}
   (You found it on level 4 of the Dungeon)

   It poisons the flesh of those it strikes.
   Str:       It affects your strength (-2).
   rC:        It protects you from cold.
   Will:      It greatly increases your willpower.
 q - a +1 war axe (weapon)
 y - a +2 hunting sling of freezing
Missiles
 w - 4 javelins (quivered)
 x - 13 poisoned darts
Armour
 d - a +1 chain mail
 i - a +0 pair of gloves (worn)
 o - a +1 cloak
 p - a +1 hat (worn)
 A - a +0 crystal plate armour (worn)
 D - a +3 scale mail of poison resistance
 E - the +5 robe of Night {Dark Will+ SInv}
   (You found it on level 7 of the Dungeon)

   It shrouds the wearer in darkness, reducing the range at which they can see
   and be seen by others.
   SInv:      It lets you see invisible.
   Will:      It increases your willpower.
 H - a scarf of repulsion (worn)
Jewellery
 n - an amulet of magic regeneration (around neck)
 v - an amulet of the acrobat
 z - a +6 ring of strength
Wands
 B - a wand of mindburst (14)
 C - a wand of acid (7)
Scrolls
 a - 2 scrolls of teleportation
 k - a scroll of silence
 l - a scroll of fear
 s - 2 scrolls of magic mapping
Potions
 c - 3 potions of might
 e - a potion of haste {unknown}
 f - 4 potions of heal wounds
 g - 4 potions of ambrosia
 h - 3 potions of degeneration {unknown}
 j - 2 potions of lignification {unknown}
 m - a potion of cancellation {unknown}
 r - 4 potions of curing {unknown}
 t - a potion of magic {unknown}
 u - 2 potions of attraction {unknown}
 F - a potion of berserk rage {unknown}
 G - a potion of invisibility


   Skills:
 * Level 7.5 Fighting
 * Level 6.9 Axes
 * Level 6.4 Armour
 + Level 4.7 Dodging
 + Level 3.9 Unarmed Combat


You had 8 spell levels left.
You didn't know any spells.
Your spell library was empty.

Dungeon Overview and Level Annotations

Branches:
Dungeon (8/15)             Temple (0/1) D:7
   Lair: D:8-11

Altars:
Elyvilon
Fedhas
Makhleb

Shops:
D:5 **   D:7 :?([!

Annotations:
D:8 Erica


Innate Abilities, Weirdness & Mutations

You are mostly covered in molten scales. (AC +3)
A weak demonic guardian rushes to your aid.
You sometimes gain a little power by taking damage.
Your touch may inflict irresistible damage on your foes.


Message History

The gnoll hits you from afar with a +0 spear.
Erica hits you with a +2 scimitar of flaming.
Erica burns you.
You barely miss Erica.
You touch Erica!
You punch Erica!
Erica is heavily wounded.
Erica hits you with a +2 scimitar of flaming.
Erica burns you.
A gnoll comes into view. It is wielding a +0 flail.
The gnoll hits you but does no damage.
Erica mumbles some strange words.
Erica flickers and vanishes!
Deactivating autopickup; reactivate with Ctrl-A.
The gnoll moves out of view.
You slice something!!
You hear a shout!
The gnoll hits you but does no damage.
The gnoll sergeant hits you but does no damage.
Something hits you. Something burns you.
You miss something. Your touch misses something. Something hits you.
Something burns you.
You barely miss something. Your touch misses something.
The gnoll hits you from afar with a +0 halberd!
Something hits you!
* * * LOW HITPOINT WARNING * * *
Something burns you.
* * * LOW HITPOINT WARNING * * *
You slash something! The gnoll barely misses you.
The gnoll sergeant hits you from afar with a +0 spear.
* * * LOW HITPOINT WARNING * * *
Something hits you!
* * * LOW HITPOINT WARNING * * *
Something burns you.
* * * LOW HITPOINT WARNING * * *
You hear some strange, mumbled words.
A lance of force appears from out of thin air!
The lance of force hits you!
* * * LOW HITPOINT WARNING * * *
You are knocked back by the lance of force.
You slam into the rock wall!
You die...

# # ## ######## # #.
....... #.. ..... #.
.... . ..# # # #.##.#
################..#.#
................@..>#
.......##########{#g#
.......# #g# #
.......# #.ggg..gg..
.......# #..........
.......# ..........##
.......# ...........#
.......#
.......#..####
.......# ....... ..#


You could see a gnoll sergeant and 3 gnolls.

Vanquished Creatures
  An ugly thing (D:8)
  2 dream sheep (D:7)
  Sigmund (D:5)
  2 shadows (D:7)
  Menkaure (D:4)
  A water moccasin (D:6)
  An orc warrior (D:8)
  2 black bears
  A sky beast (D:7)
  An ogre (D:6)
  A centaur (D:3)
  2 phantoms
  2 bullfrogs
  A kobold brigand (D:6)
  A necrophage (D:5)
  4 scorpions
  7 hounds
  A jelly (D:6)
  2 orc priests
  An orc wizard (D:7)
  5 gnolls
  12 adders
  2 white imps
  An ufetubus (D:6)
  2 worms (D:2)
  2 dart slugs (D:4)
  13 orcs
  6 endoplasms
  2 giant cockroaches
  8 goblins
  3 hobgoblins
  3 jackals (D:4)
  2 quokkas (D:4)
  9 ball pythons
  6 bats
  7 frilled lizards
  7 kobolds
  7 rats
132 creatures vanquished.

Notes
Turn   | Place    | Note
-------+----------+-------------------------------------------
     0 | D:1      | sammy202020 the Demonspawn Berserker began the quest for
                  | the Orb.
     0 | D:1      | Reached XP level 1. HP: 18/18 MP: 1/1
   377 | D:1      | Gained mutation: Your touch may inflict minor irresistible
                  | damage on your foes. [demonic ancestry]
   377 | D:1      | Reached XP level 2. HP: 21/24 MP: 2/2
   560 | D:1      | Found a faded altar of an unknown god.
   806 | D:2      | Reached XP level 3. HP: 18/29 MP: 3/3
  1150 | D:2      | Reached ** piety under Trog
  1495 | D:3      | Gained mutation: You sometimes gain a little power by
                  | taking damage. [demonic ancestry]
  1495 | D:3      | Reached XP level 4. HP: 13/35 MP: 4/4
  2303 | D:3      | Noticed a centaur
  2311 | D:3      | Killed a centaur
  2312 | D:3      | Reached skill level 4 in Fighting
  2312 | D:3      | Gained mutation: You are partially covered in molten
                  | scales. (AC +2) [demonic ancestry]
  2312 | D:3      | Reached XP level 5. HP: 24/42 MP: 5/5
  2898 | D:4      | Reached skill level 1 in Unarmed Combat
  2956 | D:4      | Identified the +3 mace "Hegal" {venom, rC+ Will+++ Str-2}
  3001 | D:4      | Noticed a phantom
  3012 | D:4      | Killed a phantom
  3013 | D:4      | Gained mutation: Your touch may inflict irresistible damage
                  | on your foes. [demonic ancestry]
  3013 | D:4      | Reached XP level 6. HP: 49/49 MP: 6/6
  3254 | D:4      | Noticed Menkaure
  3262 | D:4      | Killed Menkaure
  3263 | D:4      | Reached XP level 7. HP: 44/55 MP: 7/7
  4010 | D:5      | Entered Level 5 of the Dungeon
  4208 | D:5      | Found Ridaqinn's Specific Store.
  4208 | D:5      | Found Cukhuett's General Store.
  4218 | D:5      | Reached skill level 5 in Fighting
  4361 | D:5      | Found a burning altar of Makhleb.
  4583 | D:5      | Found a blossoming altar of Fedhas.
  4583 | D:5      | Noticed Sigmund
  4596 | D:5      | Killed Sigmund
  4597 | D:5      | Reached skill level 5 in Axes
  4597 | D:5      | Gained mutation: You are mostly covered in molten scales.
                  | (AC +3) [demonic ancestry]
  4597 | D:5      | Reached XP level 8. HP: 43/63 MP: 8/8
  5071 | D:6      | Reached *** piety under Trog
  5289 | D:6      | Reached skill level 5 in Armour
  5297 | D:6      | Reached skill level 6 in Fighting
  5797 | D:6      | HP: 2/65 [poisoned by a water moccasin]
  6692 | D:7      | Found Gaotox's Distillery.
  6704 | D:7      | Found Zauj Faseddo's Armour Shoppe.
  6827 | D:7      | Found a staircase to the Ecumenical Temple.
  7028 | D:7      | Identified the +8 rapier of Qeadghiyc {vorpal, Drain Will+
                  | Int+2 Dex+3}
  7039 | D:7      | Bought a +3 scale mail of poison resistance for 345 gold
                  | pieces
  7364 | D:7      | Gained mutation: A weak demonic guardian rushes to your
                  | aid. [demonic ancestry]
  7364 | D:7      | Reached XP level 9. HP: 71/71 MP: 9/9
  7431 | D:7      | Reached skill level 7 in Fighting
  7443 | D:7      | Found the +5 robe of Night {Dark Will+ SInv}
  7777 | D:7      | Found Bukkaza's Weapon Boutique.
  7817 | D:7      | Found Isot's Magic Scroll Emporium.
  7835 | D:7      | Found Eliholos's Book Shop.
  8034 | D:8      | Noticed a purple ugly thing
  8050 | D:8      | Killed a purple ugly thing
  8209 | D:8      | Noticed Erica
  8224 | D:8      | HP: 3/108 [something/lance of force (8)]
  8224 | D:8      | Collided with a rock wall

Illustrated notes

Levels and vault maps discovered:
D:1:      minmay_arrival_radiant_lines, layout_rooms,
          chequers_ecumenical_altar_simple, chequers_serial_rivers_small_b,
          minmay_tree_intersection, minmay_misc_feat_rows
D:2:      layout_rooms, glass_columns_c
D:3:      layout_loops_ring, minmay_fractal_squares_diagonal_5
D:4:      nicolae_BIG_FREAKIN_CUBE, layout_basic,
          minmay_fractal_squares_gapless_5, uniq_menkaure
D:5:      layout_loops_cross, nicolae_overflow_hidden_temple,
          nicolae_specific_store, uniq_sigmund
D:6:      layout_basic, portal_sewer_entry_d
D:7:      layout_basic, minmay_temple_entry_waves, serial_shops, shop, shop,
          shop, nicolae_shop_hallway_stairs, kennysheep_mini_moat,
          hellmonk_guarded_unrand_night
D:8:      layout_basic, minivault_24, uniq_erica

Skill      XL: |  1  2  3  4  5  6  7  8  9 |
---------------+----------------------------+-----
Armour         | 2 3 4 5 6 |  6.4
Dodging        | 2 3 4 |  4.7
Axes           | 3 4 5 6 |  6.9
Fighting       | 4 5 6 7 |  7.5
Unarmed Combat | 1 2 3 |  3.9

Action                   |  1- 3 |  4- 6 |  7- 9 || total
-------------------------+-------+-------+-------++-------
Melee: Hand axe          |    87 |    42 |       ||   129
       Touch             |    12 |    15 |    41 ||    68
       War axe           |       |    55 |   234 ||   289
       Punch             |       |     1 |     4 ||     5
Invok: Berserk           |       |     2 |     3 ||     5
       Trog's Hand       |       |     1 |     3 ||     4
  Use: Scroll            |     2 |     6 |     7 ||    15
 Stab: Distracted        |       |       |     1 ||     1
Armor: Chain mail        |    46 |    77 |   142 ||   265
       Animal skin       |     1 |       |       ||     1
       Crystal plate arm |       |       |    47 ||    47
Dodge: Dodged            |    27 |    54 |   112 ||   193

Table legend: (Time is in decaauts)
 A = Elapsed time spent in this place.
 B = Non-inter-level travel time spent in this place.
 C = Inter-level travel time spent in this place.
 D = Time resting spent in this place.
 E = Time spent auto-exploring this place.
 F = Levels seen in this place.
 G = Mean time per level.
                   A        B        C        D        E       F      G
               +--------+--------+--------+--------+--------+-----+--------+
         Total |   8355 |   8264 |     91 |    668 |   6139 |   8 | 1044.4 |
       Dungeon |   8355 |   8264 |     91 |    668 |   6139 |   8 | 1044.4 |
               +--------+--------+--------+--------+--------+-----+--------+

Top non-repeatable levels by time:
     D:6: 1750 daAuts
     D:4: 1387 daAuts
     D:7: 1267 daAuts
     D:3: 1185 daAuts
     D:5: 976 daAuts
     D:2: 780 daAuts
     D:1: 715 daAuts
     D:8: 292 daAuts
